 Dungeon Crawl Stone Soup version 0.25-b1-46-gb8a1ec05df (webtiles) character file.

Game seed: 6096849817788882142

5217 H0rd4k the Carver (level 10, -11/76 HPs)
             Began as a Human Artificer on June 9, 2020.
             Was an Initiate of Gozag.
             Mangled by a white ugly thing (13 damage)
             ... on level 11 of the Dungeon.
             The game lasted 00:22:46 (13376 turns).

H0rd4k the Carver (Human Artificer)                Turns: 13376, Time: 00:22:47

Health: -11/76     AC: 16    Str: 15    XL:     10   Next: 92%
Magic:  7/13       EV:  9    Int: 11    God:    Gozag
Gold:   955        SH:  5    Dex: 17    Spells: 9/9 levels left

rFire    + . .     SeeInvis .   r - +2 long sword (holy)
rCold    . . .     Gourm    .   (no shield)
rNeg     . . .     Faith    .   c - +3 chain mail {rF+}
rPois    +         Spirit   .   u - +0 helmet
rElec    .         Reflect  +   (no cloak)
rCorr    .         Harm     .   s - +0 pair of gloves
MR       .....                  (no boots)
Stlth    ..........             k - amulet of reflection
HPRegen  0.22/turn              q - ring of flight
MPRegen  0.13/turn              o - ring of poison resistance

@: no status effects
A: agile 1, MP-powered wands
a: Potion Petition, Call Merchant, Bribe Branch, Renounce Religion, Evoke Flight


You were on level 11 of the Dungeon.
You worshipped Gozag.
Gozag was pleased with you.
You were not hungry.

You visited 2 branches of the dungeon, and saw 12 of its levels.

You collected 1068 gold pieces.
You paid 113 gold pieces to Gozag.

Inventory:

Hand Weapons
 a - a +0 short sword
 r - a +2 long sword of holy wrath (weapon)
Missiles
 v - 9 curare-tipped darts (quivered)
Armour
 b - a +0 leather armour
 c - a +3 chain mail of fire resistance (worn)
 s - a +0 pair of gloves (worn)
 u - a +0 helmet (worn)
 B - a +2 tower shield
Jewellery
 e - an uncursed ring of resist corrosion
 k - an amulet of reflection (around neck)
 o - a ring of poison resistance (right hand)
 q - a ring of flight (left hand)
 y - an uncursed amulet of faith
Wands
 j - a wand of digging (3)
 l - a wand of random effects (13)
 t - a wand of flame (20)
Scrolls
 g - 6 scrolls of teleportation
 i - 3 scrolls of amnesia
 m - 3 scrolls of blinking
 n - 5 scrolls of remove curse
 p - 10 scrolls of identify
 z - a scroll of noise {unknown}
 C - a scroll of magic mapping {unknown}
Potions
 d - a potion of cancellation
 h - a potion of lignification
 x - a potion of brilliance
 A - 2 potions of curing
Comestibles
 f - 5 rations


   Skills:
 + Level 5.8 Fighting
 + Level 5.1(7.5) Short Blades
 + Level 8.4(9.1) Long Blades
 + Level 0.3 Throwing
 + Level 7.4 Armour
 + Level 4.8 Dodging
 + Level 3.2 Stealth
 + Level 1.0 Shields
 + Level 5.1 Evocations


You had 9 spell levels left.
You didn't know any spells.
Your spell library contained the following spells:

 Spells                   Type           Power        Failure   Level  Hunger
 Corona                   Hex            #......      99%         1    ##.....
 Ensorcelled Hibernation  Hex/Ice        #.....       100%        2    ###....
 Confusing Touch          Hex            #.......     100%        3    ####...
 Dazzling Flash           Conj/Hex       #.....       100%        3    ####...
 Tukima's Dance           Hex            #.......     100%        3    ####...


Dungeon Overview and Level Annotations

Branches:
Dungeon (11/15)            Temple (1/1) D:5
   Lair: D:8-11         Orc: D:9-12

Altars:
Ashenzari
Elyvilon
Fedhas
Gozag
Kikubaaqudgha
Makhleb
Okawaru
Qazlal
Sif Muna
Trog
Uskayaw
Vehumet
Wu Jian
Xom

Annotations:
D:4 2 transporters
D:5 exclusion: downstairs
D:6 exclusions: downstairs and 2 electric eels
D:8 Maggie
D:10 exclusion: upstairs
D:11 exclusion: upstairs


Innate Abilities, Weirdness & Mutations

You are agile. (Dex +2)
You expend magic power (3 MP) to strengthen your wands.


Message History

Evoke which item? (* to show all) (? for menu, Esc to quit)
Aiming: Throw Flame
Press: ? - help, Shift-Dir - straight line, f - white ugly thing
Aim: a white ugly thing (severely wounded)
You feel a surge of power!
The puff of flame hits the white ugly thing.
The white ugly thing is severely wounded.
The white ugly thing tail-slaps you but does no damage.
Evoke which item? (* to show all) (? for menu, Esc to quit)
Aiming: Throw Flame
Press: ? - help, Shift-Dir - straight line, f/p - white ugly thing
Aim: a white ugly thing (severely wounded)
You feel a surge of power!
The puff of flame hits the white ugly thing!
The white ugly thing is almost dead.
The white ugly thing tail-slaps you!
* * * LOW HITPOINT WARNING * * *
The white ugly thing freezes you!
You die...
Your body crumbles into a pile of gold.

<..# $ . .h# ... ##.#
$ ....###..#
.##.....## .........#
###.####.# #
###.#######
#@u..^.....
#.##...#######
#........#
#........############
##.......()((.((.....
###...##.###########
#...##.# # ###.##.# #
#.##(# #


You could see a white ugly thing.

Vanquished Creatures
  Pikel (D:5)
  A cyclops (D:11)
  2 trolls (D:10)
  2 wraiths
  A vampire (D:9)
  A hungry ghost (D:11)
  Grum (D:9)
  Duvessa (D:6)
  3 ice beasts
  A slave (D:5)
  A black bear (D:7)
  3 orc warriors
  A phantom (D:6)
  2 ogres
  3 wolves (D:9)
  3 centaurs
  Blork the orc (D:6)
  5 bullfrogs
  A gnoll sergeant (D:7)
  A wyvern zombie (D:9)
  Dowan (D:6)
  3 scorpions
  3 wights (D:7)
  2 bullfrog zombies
  2 crimson imps
  5 hounds
  4 orc wizards
  3 orc priests
  A centaur skeleton (D:4)
  4 iguanas
  4 worker ants
  A hound zombie (D:6)
  A howler monkey skeleton (D:7)
  8 adders
  6 gnolls
  A shadow imp (D:5)
  An adder zombie (D:9)
  An adder skeleton (D:7)
  2 worms
  A dart slug (D:3)
  7 leopard geckos
  27 orcs
  A ball python (D:1)
  12 goblins
  15 hobgoblins
  10 jackals
  A quokka (D:2)
  10 bats
  5 frilled lizards
  8 kobolds
  A quokka skeleton (D:6)
  7 rats
193 creatures vanquished.

Vanquished Creatures (collateral kills)
  A hound skeleton (D:9)
  A gnoll (D:3)
  3 hobgoblins (D:4)
  A frilled lizard (D:2)
  A goblin (D:2)
  A rat (D:2)
8 creatures vanquished.

Vanquished Creatures (others)
  2 slaves (D:6)
  An orc priest (D:6)
  2 orc wizards
  2 gnolls (D:5)
  2 orcs
9 creatures vanquished.

Grand Total: 210 creatures vanquished

Notes
Turn   | Place    | Note
-------+----------+-------------------------------------------
     0 | D:1      | H0rd4k the Human Artificer began the quest for the Orb.
     0 | D:1      | Reached XP level 1. HP: 15/15 MP: 3/3
   247 | D:1      | Reached XP level 2. HP: 20/21 MP: 4/4
   827 | D:1      | Reached XP level 3. HP: 19/26 MP: 5/5
   967 | D:1      | Reached skill level 1 in Armour
  1607 | D:2      | Reached XP level 4. HP: 3/32 MP: 6/6
  2078 | D:2      | Reached XP level 5. HP: 34/37 MP: 7/7
  2437 | D:2      | Found an ancient bone altar of Kikubaaqudgha.
  3208 | D:3      | Found a bloodstained altar of Trog.
  3238 | D:3      | Reached XP level 6. HP: 11/43 MP: 8/8
  3550 | D:3      | Found a blossoming altar of Fedhas.
  3559 | D:3      | Gained mutation: You are agile. (Dex +2) [potion of
                  | mutation]
  3559 | D:3      | Gained mutation: You expend magic power (3 MP) to
                  | strengthen your wands. [potion of mutation]
  3805 | D:3      | Found an iron altar of Okawaru.
  4515 | D:4      | Found a stormy altar of Qazlal.
  4817 | D:4      | Found a shattered altar of Ashenzari.
  4817 | D:4      | Found a hide-covered altar of Uskayaw.
  4818 | D:4      | Found a shimmering altar of Xom.
  5664 | D:4      | Reached XP level 7. HP: 50/50 MP: 10/10
  5693 | D:4      | Found a transporter.
  5705 | D:4      | Found a transporter.
  6369 | D:5      | Entered Level 5 of the Dungeon
  6467 | D:5      | Found a staircase to the Ecumenical Temple.
  7106 | D:5      | Found a radiant altar of Vehumet.
  7182 | D:5      | Reached XP level 8. HP: 57/57 MP: 11/11
  7303 | D:6      | Noticed Pikel
  7496 | Temple   | Entered the Ecumenical Temple
  7578 | Temple   | Became a worshipper of Gozag Ym Sagoz the Greedy
  7747 | D:6      | Noticed Duvessa
  7752 | D:6      | Noticed Dowan
  7778 | D:5      | Killed Pikel
  7778 | D:5      | Reached skill level 5 in Short Blades
  7778 | D:5      | Reached skill level 2 in Long Blades
  7850 | D:6      | Killed Duvessa
  7857 | D:6      | Killed Dowan
  7916 | D:6      | Reached skill level 3 in Long Blades
  8162 | D:6      | Noticed Blork the orc
  8174 | D:6      | Killed Blork the orc
  8174 | D:6      | Reached XP level 9. HP: 37/64 MP: 3/12
  8778 | D:6      | Reached skill level 5 in Armour
  8846 | D:7      | Reached skill level 4 in Long Blades
  9187 | D:7      | Reached skill level 5 in Long Blades
  9197 | D:7      | Reached skill level 5 in Evocations
  9965 | D:7      | Reached skill level 6 in Long Blades
 11049 | D:8      | Reached XP level 10. HP: 72/73 MP: 13/13
 11125 | D:8      | Noticed Maggie
 11145 | D:9      | Noticed Grum
 11167 | D:9      | Killed Grum
 11176 | D:9      | Reached skill level 7 in Long Blades
 11200 | D:9      | Reached skill level 5 in Fighting
 11525 | D:9      | Noticed a two-headed ogre
 11609 | D:10     | Entered Level 10 of the Dungeon
 12183 | D:10     | Reached skill level 8 in Long Blades
 12757 | D:10     | HP: 3/74 [something (5)]
 13129 | D:11     | Noticed a cyclops
 13136 | D:11     | Killed a cyclops
 13338 | D:11     | Reached skill level 1 in Shields
 13356 | D:11     | Noticed a white ugly thing
 13376 | D:11     | HP: 2/76 [white ugly thing (11)]
 13376 | D:11     | Mangled by a white ugly thing

Illustrated notes

Levels and vault maps discovered:
D:1:      dpeg_arrival_chambers_temple_mockup, layout_rooms, serial_bayou_pond_c
D:2:      layout_basic, lemuel_coloured_pillars_altar
D:3:      layout_basic, old_standard_altar, okawaru_trees_2,
          overflow_temple_1_default, corexii_shack
D:4:      cheibrodos_greedy_goblins, layout_basic, lemuel_crystal_altar,
          gammafunk_temple_overflow_arena
D:5:      layout_loops_cross, minmay_temple_entry_crystal_x, first_ration,
          vehumet_altar_wand_db
D:6:      layout_basic, minmay_misc_feat_nine_boxes, minivault_14,
          serial_bayou_pond_e, uniq_blork_the_orc, uniq_duvessa, uniq_pikel
D:7:      layout_gridville, enter_bailey_3
D:8:      layout_basic, nicolae_dithmenos_the_darkroom,
          hangedman_pestilent_swarm, uniq_maggie
D:9:      kennysheep_blocky_room, layout_basic, serial_shops, shop, uniq_grum
D:10:     layout_roguey, dpeg_lair_monsters, gammafunk_ghost_cemetery
D:11:     layout_loops_ring, gammafunk_ghost_spectres, onia_ninara_cookie
Temple:   nicolae_temple_figure_eight

Skill      XL: |  1  2  3  4  5  6  7  8  9 10 |
---------------+-------------------------------+-----
Armour         | 2 3 4 5 7 |  7.4
Short Blades   | 2 3 4 5 |  5.1
Fighting       | 2 3 4 5 |  5.8
Evocations     | 4 5 |  5.1
Dodging        | 3 4 |  4.8
Stealth        | 2 3 |  3.2
Long Blades    | 3 6 8 |  8.4
Shields        | 1 |  1.0
Throwing       | |  0.3

Action                   |  1- 3 |  4- 6 |  7- 9 | 10-12 || total
-------------------------+-------+-------+-------+-------++-------
Melee: Short sword       |   152 |   268 |   101 |       ||   521
       Long sword        |       |       |   309 |   262 ||   571
Throw: Dart              |       |       |     3 |     3 ||     6
Invok: Potion Petition   |       |       |     1 |       ||     1
Evoke: Wand              |     3 |    29 |    16 |     7 ||    55
  Use: Potion            |       |     5 |     1 |     3 ||     9
       Scroll            |       |     2 |    10 |     4 ||    16
 Stab: Sleeping          |     1 |     2 |     1 |       ||     4
       Paralysed         |       |     2 |       |       ||     2
       Distracted        |       |       |       |     2 ||     2
  Eat: Chunk             |     2 |    10 |     6 |       ||    18
       Ration            |       |     1 |     4 |     2 ||     7
Armor: Leather armour    |    49 |    44 |    12 |       ||   105
       Chain mail        |       |       |   183 |   211 ||   394
Dodge: Dodged            |   124 |   123 |   140 |    75 ||   462
Block: Other             |    10 |    41 |    86 |    53 ||   190
       Rpst.: Long sword |       |       |    28 |    15 ||    43
